 Dungeon Crawl Stone Soup version 0.28.0-53-g5a82cb258f (webtiles) character file.

Game seed: 11964648952512086266

2648 SanguineChosen the Cleaver (level 9, -2/81 HPs)
             Began as a Minotaur Berserker on Aug 2, 2022.
             Was an Elder of Trog.
             Slain by a boulder beetle (23 damage)
             ... on level 6 of the Dungeon.
             The game lasted 00:24:21 (7439 turns).

SanguineChosen the Cleaver (Minotaur Berserker)     Turns: 7439, Time: 00:24:22

Health: -2/81      AC: 12    Str: 27    XL:     9   Next: 36%
Magic:  8/8        EV:  9    Int:  4    God:    Trog [****..]
Gold:   279        SH:  4    Dex:  9    Spells: 8/8 levels left

rFire   . . .      SeeInvis .   n - +3 hand axe
rCold   . . .      Faith    .   s - +2 buckler
rNeg    . . .      Spirit   .   o - +0 chain mail
rPois   .          Reflect  .   (helmet restricted)
rElec   .          Harm     .   (no cloak)
rCorr   .          Rampage  .   (no gloves)
Will    .....                   m - +0 pair of boots
Stlth   ..........              (no amulet)
HPRegen 0.23/turn               (no ring)
MPRegen 0.11/turn               (no ring)

@: hasted, very quick
A: horns 2, retaliatory headbutt
a: Renounce Religion, Berserk, Trog's Hand, Brothers in Arms


You were on level 6 of the Dungeon.
You worshipped Trog.
Trog was greatly pleased with you.
You visited 1 branch of the dungeon, and saw 6 of its levels.

You collected 279 gold pieces.

Inventory:

Hand Weapons
 c - a +0 antimagic war axe
 k - a +0 war axe of distortion
 n - a +3 hand axe (weapon)
Missiles
 l - 3 poisoned darts (quivered)
Armour
 m - a +0 pair of boots (worn)
 o - a +0 chain mail (worn)
 s - a +2 buckler (worn)
Jewellery
 p - a ring of resist corrosion
Wands
 b - a wand of flame (19)
Scrolls
 a - a scroll of identify
 g - a scroll of blinking
 h - 2 scrolls of teleportation
Potions
 e - 2 potions of flight
 f - a potion of might
 r - a potion of cancellation


   Skills:
 + Level 7.9 Fighting
 + Level 11.3 Axes
 + Level 7.9 Armour
 + Level 3.8 Dodging
 + Level 0.6 Evocations


You had 8 spell levels left.
You didn't know any spells.
Your spell library was empty.

Dungeon Overview and Level Annotations

Branches:
Dungeon (6/15)
 Temple: D:4-7

Altars:
Dithmenos
Elyvilon
Fedhas
Hepliaklqana
Sif Muna
Vehumet
Xom
Zin

Shops:
D:5 (


Innate Abilities, Weirdness & Mutations

You have a pair of horns on your head.
You reflexively headbutt those who attack you in melee.


Message History

You enter the shallow water.
Moving in this stuff is going to be slow.
An orc comes into view. It is wielding a +0 whip.
The orc shouts!
You hit the orc. You headbutt the orc.
You kill the orc!
Trog accepts your kill.
You hear a splash. x2
Things that are here:
a +0 whip; a +0 leather armour You enter the shallow water.
Moving in this stuff is going to be slow.
A boulder beetle comes into view.
The boulder beetle moves out of view.
The boulder beetle leaps!
You open the door.
The boulder beetle curls into a ball and begins rolling!
The electric eel shoots out a bolt of lightning at you!
The bolt of electricity hits you.
There is an open door here.
The electric eel shoots out a bolt of lightning at you!
The bolt of electricity misses you.
You hit the boulder beetle but do no damage.
You headbutt the boulder beetle, but do no damage.
The boulder beetle hits you!!!
Ouch! That really hurt!
The boulder beetle stops rolling and uncurls.
You feel better. The boulder beetle closely misses you.
You feel yourself speed up. The boulder beetle bites you!
* * * LOW HITPOINT WARNING * * *
You hit the boulder beetle but do no damage.
The boulder beetle bites you.
* * * LOW HITPOINT WARNING * * *
You slash the boulder beetle!
The boulder beetle is lightly wounded.
You hit the boulder beetle but do no damage.
You headbutt the boulder beetle, but do no damage.
The boulder beetle is lightly wounded.
The boulder beetle bites you!!
You die...

#≈#≈S≈≈≈#$PPP≈######..#
#≈#.$?S.#≈P.PP# #?...#
#)#...≈!#.....# #....#
#.#≈...P# ##.##<#
#.#.....# ##...#.#
#.#.....#####..#......#
#.##..'##≈≈...###...###
##.####.≈≈# #####)##
##≈≈.@B### ##.>.#)#
###########....))####
#.##.................
##.###.####......####
##.#.## ##...#.# ##.##
#......### ###
#........# #.....##.#
#.....##.#


You could see a boulder beetle.

Vanquished Creatures
  A two-headed ogre (D:6)
  Grinder (D:3)
  Sigmund (D:3)
  2 sky beasts (D:6)
  A hornet zombie (D:5)
  An ice beast (D:6)
  4 ogres
  2 scorpions
  A bullfrog zombie (D:6)
  A jelly (D:6)
  3 bullfrog skeletons (D:6)
  2 hounds
  2 orc priests (D:4)
  Jessica (D:2)
  4 centaur skeletons (D:5)
  Natasha (thrice) (D:2)
  4 orc wizards
  Ijyb (D:3)
  An iguana (D:6)
  Terence (D:2)
  Robin (D:3)
  A gnoll (D:1)
  5 adders
  A shadow imp (D:5)
  2 white imps (D:5)
  2 ufetubi (D:6)
  2 adder skeletons
  A worm (D:2)
  3 dart slugs
  19 orcs
  8 ball pythons
  9 endoplasms
  A giant cockroach (D:1)
  13 goblins
  8 hobgoblins
  9 jackals
  9 kobolds
  4 quokkas
  4 bats
  2 frilled lizards
  8 rats
149 creatures vanquished.

Notes
Turn   | Place    | Note
-------+----------+-------------------------------------------
     0 | D:1      | SanguineChosen the Minotaur Berserker began the quest for
                  | the Orb.
     0 | D:1      | Reached XP level 1. HP: 19/19 MP: 0/0
   233 | D:1      | Reached XP level 2. HP: 22/27 MP: 1/1
   235 | D:1      | Reached skill level 4 in Axes
   542 | D:1      | Found a faded altar of an unknown god.
   873 | D:1      | Reached XP level 3. HP: 33/33 MP: 2/2
  1105 | D:2      | Found a shadowy altar of Dithmenos.
  1129 | D:2      | Noticed Jessica
  1138 | D:2      | Killed Jessica
  1138 | D:2      | Reached ** piety under Trog
  1139 | D:2      | Reached XP level 4. HP: 33/41 MP: 3/3
  1214 | D:2      | Noticed Natasha
  1231 | D:2      | Killed Natasha
  1232 | D:2      | Reached skill level 5 in Axes
  1577 | D:2      | Noticed Terence
  1590 | D:2      | Killed Terence
  1783 | D:2      | Reached XP level 5. HP: 47/47 MP: 4/4
  1959 | D:2      | Noticed Natasha
  1961 | D:2      | Killed Natasha
  2063 | D:2      | Noticed Natasha
  2067 | D:2      | Killed Natasha
  2068 | D:2      | Reached skill level 6 in Axes
  2083 | D:3      | Noticed Robin
  2109 | D:3      | Killed Robin
  2109 | D:3      | Noticed Ijyb
  2110 | D:3      | Reached skill level 5 in Fighting
  2354 | D:3      | Killed Ijyb
  2618 | D:3      | Reached *** piety under Trog
  2652 | D:3      | Found a hazy altar of Hepliaklqana.
  2659 | D:3      | Found a shimmering altar of Xom.
  2668 | D:3      | Found a blossoming altar of Fedhas.
  2668 | D:3      | Found a white marble altar of Elyvilon.
  2679 | D:3      | Reached XP level 6. HP: 45/56 MP: 5/5
  2740 | D:3      | Found a shimmering blue altar of Sif Muna.
  2758 | D:3      | Noticed Grinder
  2780 | D:3      | Killed Grinder
  2781 | D:3      | Reached skill level 7 in Axes
  2815 | D:3      | Noticed Sigmund
  2859 | D:3      | Killed Sigmund
  2860 | D:3      | Reached XP level 7. HP: 17/61 MP: 6/6
  3925 | D:4      | Found a shadowy altar of Dithmenos.
  3935 | D:4      | Reached skill level 8 in Axes
  4066 | D:4      | Identified the +6 spear of the Solstice {freeze, rF+ Int+2}
  4512 | D:4      | Reached skill level 9 in Axes
  4695 | D:5      | Entered Level 5 of the Dungeon
  4823 | D:5      | Found Vieblite's Weapon Emporium.
  4870 | D:5      | Reached skill level 5 in Armour
  4870 | D:5      | Reached XP level 8. HP: 43/70 MP: 7/7
  5236 | D:5      | Reached **** piety under Trog
  5390 | D:5      | Found a radiant altar of Vehumet.
  5971 | D:6      | Noticed a two-headed ogre
  5987 | D:6      | Killed a two-headed ogre
  5988 | D:6      | Reached skill level 10 in Axes
  6181 | D:6      | Reached XP level 9. HP: 61/79 MP: 8/8
  6345 | D:6      | Reached skill level 11 in Axes
  6689 | D:6      | Found a glowing silver altar of Zin.
  7428 | D:6      | Noticed a boulder beetle
  7439 | D:6      | Slain by a boulder beetle

Illustrated notes

Levels and vault maps discovered:
D:1:      dpeg_arrival_arbitrary_b, layout_basic,
          hellmonk_ecumenical_altar_dog_temple
D:2:      layout_rooms, basic_altar, uniq_terence, uniq_jessica, uniq_natasha
D:3:      layout_basic, nicolae_overflow_hallway_of_the_gods, uniq_sigmund,
          uniq_ijyb, uniq_grinder, uniq_robin
D:4:      layout_basic, grunt_dithmenos_smoke_and_mirrors, glass_columns_a
D:5:      layout_cave_pods, nicolae_vehumet_altar_sigil, serial_shops, shop,
          chequers_serial_rivers_small_b
D:6:      cheibrodos_two_vegetables, layout_loops_ring, zin_scriptorium

Skill      XL: |  1  2  3  4  5  6  7  8  9 |
---------------+----------------------------+-----
Axes           | 4 5 6 7 9 10 11 | 11.3
Fighting       | 4 5 7 |  7.9
Dodging        | 3 |  3.8
Armour         | 4 5 7 |  7.9
Evocations     | |  0.6

Action                   |  1- 3 |  4- 6 |  7- 9 || total
-------------------------+-------+-------+-------++-------
Melee: Hand axe          |    51 |   111 |   242 ||   404
       Headbutt          |     5 |    15 |    50 ||    70
       Punch             |     2 |     1 |     8 ||    11
Throw: Dart              |       |       |     3 ||     3
Invok: Trog's Hand       |       |       |     1 ||     1
Evoke: Wand              |       |     5 |       ||     5
  Use: Scroll            |       |     1 |    13 ||    14
       Potion            |       |       |     2 ||     2
Armor: Animal skin       |     7 |     9 |       ||    16
       Chain mail        |       |    44 |    93 ||   137
Dodge: Dodged            |    34 |    68 |    81 ||   183
